 Dungeon Crawl Stone Soup version 0.27.1-35-g4d5d836560 (webtiles) character file.

Game seed: 3415492841104914487

16 cbfl8 the Sneak (level 2, -7/27 HPs)
             Began as a Minotaur Delver on Mar 26, 2022.
             Was an Initiate of Yredelemnul.
             Mangled by a scorpion (8 damage)
             ... on level 4 of the Dungeon.
             The game lasted 00:00:56 (174 turns).

cbfl8 the Sneak (Minotaur Delver)                    Turns: 174, Time: 00:00:57

Health: -7/27      AC:  6    Str: 16    XL:     2   Next: 41%
Magic:  1/1        EV:  9    Int:  7    God:    Yredelemnul [......]
Gold:   19         SH:  0    Dex: 11    Spells: 1/1 levels left

rFire    . . .     SeeInvis .   a - +0 hand axe
rCold    . . .     Faith    .   (no shield)
rNeg     . . .     Spirit   .   h - +0 scale mail
rPois    .         Reflect  .   d - +0 hat
rElec    .         Harm     .   (no cloak)
rCorr    .         Rampage  .   (no gloves)
Will     .....                  (no boots)
Stlth    +.........             (no amulet)
HPRegen  0.09/turn              (no ring)
MPRegen  0.07/turn              (no ring)

@: lethally poisoned (-7 -> -22)
A: horns 2, retaliatory headbutt
a: Renounce Religion


You were on level 4 of the Dungeon.
You worshipped Yredelemnul.
Yredelemnul was noncommittal.
You visited 1 branch of the dungeon, and saw 2 of its levels.

You collected 19 gold pieces.

Inventory:

Hand Weapons
 a - a +0 hand axe (weapon)
Armour
 b - a +0 leather armour
 d - a +0 hat (worn)
 h - a +0 scale mail (worn)
Wands
 g - a wand of digging (3)
Scrolls
 c - a scroll of fog
 e - a scroll of fear
Potions
 f - a potion of haste


   Skills:
 + Level 3.8 Fighting
 + Level 2.5 Axes
 + Level 2.2 Dodging
 + Level 4.5 Stealth


You had one spell level left.
You didn't know any spells.
Your spell library was empty.

Dungeon Overview and Level Annotations

Branches:
Dungeon (5/15)
 Temple: D:4-7

Altars:
Yredelemnul


Innate Abilities, Weirdness & Mutations

You have a pair of horns on your head.
You reflexively headbutt those who attack you in melee.


Message History

A scorpion comes into view.
The giant cockroach bites you but does no damage.
The giant cockroach bites you but does no damage.
You hit the giant cockroach but do no damage.
The giant cockroach bites you but does no damage.
You hit the giant cockroach.
Your headbutt misses the giant cockroach.
The giant cockroach is moderately wounded.
The giant cockroach closely misses you.
The giant cockroach bites you but does no damage.
You barely miss the giant cockroach.
The giant cockroach is moderately wounded.
The giant cockroach barely misses you.
You hit the giant cockroach but do no damage.
You headbutt the giant cockroach.
You kill the giant cockroach!
Yredelemnul accepts your kill.
You closely miss the scorpion. The scorpion misses you.
The scorpion stings you!
You hit the scorpion but do no damage. Your headbutt misses the scorpion.
The scorpion stings you but does no damage.
Your scale mail prevents you from hitting the scorpion.
Your headbutt misses the scorpion.
The scorpion stings you but does no damage.
The scorpion stings you.
You are poisoned.
The scorpion poisons you!
You barely miss the scorpion.
You feel very sick.
The scorpion stings you but does no damage.
You hit the scorpion but do no damage.
You feel sick. The scorpion stings you.
* * * LOW HITPOINT WARNING * * *
You are more poisoned.
The scorpion poisons you!
You barely miss the scorpion.
* * * LOW HITPOINT WARNING * * *
You feel very sick. The scorpion barely misses you. The scorpion stings you!
You die...
Your body rises from the dead as a mindless zombie.

...................
......(..............##
......................##
...............#........
....##..............!.#
....##............./..#
.....##...†.........#
.....##.............#
.....#..........@.<.#
.........##.....†s....#
#........#...#..........
#..................#....
..#......(#.###..#..#...
...#......#.......#.# #.
#..##...#...##.....##
##.##...#####......#
####...#


You could see a scorpion.

Vanquished Creatures
  An adder (D:4)
  An adder skeleton (D:4)
  2 ball pythons (D:4)
  A giant cockroach (D:4)
5 creatures vanquished.

Notes
Turn   | Place    | Note
-------+----------+-------------------------------------------
     0 | D:5      | cbfl8 the Minotaur Delver began the quest for the Orb.
     0 | D:5      | Reached XP level 1. HP: 19/19 MP: 0/0
    42 | D:5      | Found a basalt altar of Yredelemnul.
    50 | D:5      | Became a worshipper of Yredelemnul the Dark
   103 | D:4      | Reached XP level 2. HP: 25/27 MP: 1/1
   164 | D:4      | Noticed a scorpion
   174 | D:4      | HP: 1/27 [poisoned by a scorpion]
   174 | D:4      | Mangled by a scorpion

Illustrated notes

Levels and vault maps discovered:
D:4:      layout_layer_cave, uniq_edmund, uniq_menkaure
D:5:      layout_loops_cross, old_standard_altar, minmay_chambers_of_fives

Action                   || total
-------------------------++-------
Melee: Hand axe          ||    16
       Headbutt          ||     4
  Use: Scroll            ||     1
 Stab: Sleeping          ||     1
Armor: Leather armour    ||     1
       Scale mail        ||     7
Dodge: Dodged            ||    12
